 Dungeon Crawl Stone Soup version 0.25-a0-464-g3004169c2b (webtiles) character file.

Game seed: 10265271674596187601, levelgen mode: deterministic

221 Elellon the Conjurer (level 5, 0/28 HPs)
             Began as a Deep Elf Conjurer on Feb 5, 2020.
             Slain by a hippogriff (7 damage)
             ... on level 4 of the Dungeon.
             The game lasted 00:04:16 (4009 turns).

Elellon the Conjurer (Deep Elf Conjurer)            Turns: 4009, Time: 00:04:17

Health: 0/28       AC:  3    Str:  6    XL:     5   Next: 65%
Magic:  5/15       EV: 13    Int: 20    God:
Gold:   187        SH:  0    Dex: 15    Spells: 13/16 levels left

rFire    . . .     SeeInvis .   l - +0 trident (venom)
rCold    . . .     Gourm    .   (no shield)
rNeg     . . .     Faith    .   a - +0 robe
rPois    .         Spirit   .   (no helmet)
rElec    .         Reflect  .   (no cloak)
rCorr    .         Harm     .   p - +0 pair of gloves
MR       .....                  (no boots)
Stlth    ++........             (no amulet)
HPRegen  0.09/turn              (no ring)
MPRegen  0.14/turn              (no ring)

@: no status effects
A: no striking features
a: no special abilities


You were on level 4 of the Dungeon.
You were not hungry.

You visited 1 branch of the dungeon, and saw 4 of its levels.

You collected 187 gold pieces.

Inventory:

Hand Weapons
 l - a +0 trident of venom (weapon)
Armour
 a - a +0 robe (worn)
 p - a +0 pair of gloves (worn)
Jewellery
 d - an uncursed ring of positive energy {unknown}
Scrolls
 e - 6 scrolls of identify {unknown}
 h - 2 scrolls of enchant armour {unknown}
 i - 3 scrolls of enchant weapon {unknown}
 j - a scroll of random uselessness {unknown}
 m - 2 scrolls of remove curse {unknown}
 n - a scroll of magic mapping {unknown}
 s - a scroll of immolation {unknown}
 t - a scroll of amnesia {unknown}
 v - a scroll of fog {unknown}
Potions
 b - a potion of ambrosia {unknown}
 f - 2 potions of heal wounds {unknown}
 g - a potion of curing {unknown}
 k - a potion of agility {unknown}
 o - a potion of berserk rage {unknown}
 q - 2 potions of invisibility {unknown}
 r - a potion of degeneration {unknown}
 u - a potion of mutation {unknown}
Comestibles
 c - 5 rations
 w - 3 chunks of flesh


   Skills:
 - Level 2.4 Dodging
 - Level 2.4 Stealth
 + Level 6.0 Spellcasting
 + Level 6.2 Conjurations


You had 13 spell levels left.
You knew the following spells:

 Your Spells              Type           Power        Failure   Level  Hunger
a - Magic Dart            Conj           ####         1%          1    None
b - Searing Ray           Conj           ####..       1%          2    None

Your spell library contained the following spells:

 Spells                   Type           Power        Failure   Level  Hunger
 Dazzling Flash           Conj/Hex       ###...       9%          3    ##.....
 Fulminant Prism          Conj/Hex       ###.......   28%         4    ####...
 Iskenderun's Mystic Bla  Conj/Tloc      ###.....     28%         4    ####...


Dungeon Overview and Level Annotations

Branches:
Dungeon (4/15)
 Temple: D:4-7

Altars:
Fedhas
Qazlal


Message History

Casting: Searing Ray (safe; 1% risk of failure)
Confirm with . or Enter, or press ? or * to list all spells.
Aiming: Searing Ray (safe; 1% risk of failure)
Press: ? - help, Shift-Dir - straight line, f/p - hippogriff
Aim: a hippogriff (heavily wounded)
The searing ray hits the hippogriff!
The hippogriff is severely wounded. (Press . to maintain the ray.)
The hippogriff misses you. The hippogriff barely misses you.
The hippogriff claws you.
The searing ray hits the hippogriff.
The hippogriff is almost dead.
The hippogriff bites you. The hippogriff pecks you! The hippogriff claws you.
* * * LOW HITPOINT WARNING * * *
The searing ray hits the hippogriff.
The hippogriff is almost dead.
The hippogriff bites you.
* * * LOW HITPOINT WARNING * * *
The hippogriff pecks you!
You die...

..<.....####.###
###............#
.#
....#.######.#.#
.# #######
##.#.##.# #
#.......# #
#.##.##.# #
#.##.##.# #
#.##....# #
#.####@.# #
.......H.# #
.........# #
..#####.## ..
#.# .... #.#
.... ..# #.##
#$# #


You could see a hippogriff.

Vanquished Creatures
  An orc priest (D:3)
  An iguana (D:4)
  2 worker ants
  4 adders
  2 worms (D:3)
  A dart slug (D:1)
  2 leopard geckos
  5 orcs
  5 giant cockroaches
  9 goblins
  5 hobgoblins
  4 jackals (D:1)
  7 kobolds
  2 quokkas
  3 ball pythons (D:1)
  9 bats
  A frilled lizard (D:4)
  A quokka skeleton (D:4)
  5 rats
69 creatures vanquished.

Notes
Turn   | Place    | Note
-------+----------+-------------------------------------------
     0 | D:1      | Elellon the Deep Elf Conjurer began the quest for the Orb.
     0 | D:1      | Reached XP level 1. HP: 10/10 MP: 6/6
   205 | D:1      | Reached XP level 2. HP: 7/15 MP: 1/8
   354 | D:1      | Learned a level 2 spell: Searing Ray
  1239 | D:1      | Reached XP level 3. HP: 19/19 MP: 7/10
  1280 | D:1      | Reached skill level 5 in Conjurations
  2003 | D:2      | Found a stormy altar of Qazlal.
  2260 | D:2      | Found a stormy altar of Qazlal.
  2595 | D:2      | Reached XP level 4. HP: 24/24 MP: 9/12
  2691 | D:3      | Reached skill level 5 in Spellcasting
  2714 | D:2      | HP: 1/24 [adder (3)]
  3409 | D:3      | Found a blossoming altar of Fedhas.
  3459 | D:3      | Reached XP level 5. HP: 28/28 MP: 8/15
  4000 | D:4      | Noticed a hippogriff
  4009 | D:4      | Slain by a hippogriff

Levels and vault maps discovered:
D:1:      minmay_arrival_five_plusses, layout_basic, serial_park_tiny_2,
          minmay_shallow_snake_nest
D:2:      layout_loops_ring, lemuel_doored_altar,
          nicolae_qazlal_eye_of_the_storm
D:3:      layout_loops_ring, fedhas_ov_isle_minmay
D:4:      layout_loops_cross, first_ration, uniq_eustachio

Skill      XL: |  1  2  3  4  5 |
---------------+----------------+-----
Spellcasting   | 4 5 6 |  6.0
Conjurations   | 5 6 |  6.2
Dodging        | |  2.4
Stealth        | |  2.4

Action                   |  1- 3 |  4- 6 || total
-------------------------+-------+-------++-------
 Cast: Magic Dart        |    85 |    48 ||   133
       Searing Ray       |       |     9 ||     9
  Eat: Chunk             |     4 |     2 ||     6
       Ration            |       |     1 ||     1
Armor: Robe              |     2 |     3 ||     5
Dodge: Dodged            |    23 |     9 ||    32

Table legend:
 A = Non-vault XP
 B = Vault XP
 C = Vault XP percentage of total XP
 D = Non-vault monster count
 E = Vault monster count
 F = Vault count percentage of total count
                 A         B        C        D         E       F
            +---------+---------+-------+---------+---------+-------
      Total |     314 |       2 |   0.6 |      67 |       2 |   2.9
            +---------+---------+-------+---------+---------+-------
        D:1 |      44 |       2 |   4.3 |      24 |       2 |   7.7
        D:2 |      64 |       0 |   0.0 |      17 |       0 |   0.0
        D:3 |     121 |       0 |   0.0 |      21 |       0 |   0.0
        D:4 |      85 |       0 |   0.0 |       5 |       0 |   0.0
            +---------+---------+-------+---------+---------+-------
